 Dungeon Crawl Stone Soup version 0.15-b1-92-ge76d556 (webtiles) character file.

1564 boski the Grappler (level 8, 0/74 HPs)
             Began as a Troll Monk on Aug 19, 2014.
             Succumbed to a killer bee's poison
             ... on Level 7 of the Dungeon.
             The game lasted 00:06:15 (1619 turns).

boski the Grappler (Troll Monk)                     Turns: 1619, Time: 00:06:15

HP   0/74        AC  6     Str 22      XL: 8   Next: 58%
MP   3/3         EV 10     Int  6      God:
Gold 115         SH  0     Dex 12      Spells:  0 memorised,  7 levels left

rFire  . . .     SeeInvis .       - Unarmed
rCold  . . .     Clarity  .     a - +0 robe
rNeg   . . .     rCorr    .     (shield restricted)
rPois  .         rRot     .     (helmet restricted)
rElec  .         Spirit   .     m - +0 cloak
SustAb .         Warding  .     (gloves unavailable)
rMut   .         Stasis   .     (boots unavailable)
Gourm  +                        (no amulet)
MR     .....                    (no ring)
                                (no ring)

@: lethally poisoned, not resistant to hostile enchantments, very unstealthy
A: unfitting armour, claws 3, fast metabolism 3, gourmand, regeneration 2,
saprovore 2, shaggy fur 1, tough skin 2
a: no special abilities


You were on level 7 of the Dungeon.
You were near starving.

You visited 1 branch of the dungeon, and saw 7 of its levels.

You collected 115 gold pieces.

Inventory:

Armour
 a - a +0 robe (worn)
 m - a +0 cloak (worn)
Magical devices
 k - a wand of cold (3) {unknown}
 n - a wand of disintegration (8) {unknown}
Comestibles
 b - a meat ration
 l - a bread ration
 o - 2 rotting chunks of jackal flesh
Scrolls
 c - a scroll of amnesia {unknown}
 e - 2 scrolls of teleportation {unknown}
 f - 2 scrolls of identify {unknown}
 i - a scroll of enchant armour {unknown}
 j - 2 scrolls of blinking {unknown}
Potions
 g - a potion of cure mutation {unknown}
 h - a potion of heal wounds {unknown}
 q - a potion of resistance {unknown}
Rods
 r - a -2 rod of inaccuracy (11/11)
   (You found it on level 7 of the Dungeon)


   Skills:
 - Level 2.4 Fighting
 - Level 2.4 Dodging
 - Level 1.1 Stealth
 + Level 11.4 Unarmed Combat


You had 7 spell levels left.
You didn't know any spells.

Dungeon Overview and Level Annotations

Branches:
Dungeon (7/15)
 Temple: D:4-7

Altars:
The Shining One


Innate Abilities, Weirdness & Mutations

You are too large for most types of armour.
You have claws for hands.
Your metabolism is lightning-fast.
You like to eat raw meat.
You heal very quickly.
You can eat rotten meat.
You are covered in fur (AC +1).
You have very tough skin (AC +2).


Message History

You feel sick. The killer bee closely misses you. The adder barely misses you.
The killer bee stings you.
* * * LOW HITPOINT WARNING * * *
The killer bee stings you but does no damage.
You closely miss the adder. The killer bee barely misses you.
The adder barely misses you.
The killer bee stings you but does no damage.
Unknown command.
You claw the adder!
The adder begins to bleed from its wounds!
The adder is severely wounded.
The killer bee completely misses you. The killer bee stings you.
* * * LOW HITPOINT WARNING * * *
The adder bites you.
* * * LOW HITPOINT WARNING * * *
The killer bee closely misses you.
The killer bee stings you but does no damage.
Unknown command.
You closely miss the killer bee.
You die...

.........#
##.......###
#..........##
###...........##
.................
..................
.........Y#####..#
###.<...oyy##
#.......S@.# #
...........## .#
.#......#...#.#
####..###....# .#
#..##...#.# #..#
#..#..####.# ..#
#....## .#
#.##...## #.
#....## ..


You could see an ice beast, 2 killer bees, an adder (bleeding) and an orc.

Vanquished Creatures
  The ghost of uri the Cleaver, an experienced MiFi (D:6)
  A hippogriff (D:7)
  An orc warrior (D:6)
  An ogre (D:5)
  A sky beast (D:4)
  An ice beast (D:7)
  A phantom (D:7)
  A big kobold (D:6)
  A scorpion (D:4)
  A killer bee (D:7)
  A hound (D:5)
  2 orc priests (D:5)
  4 orc wizards
  2 worker ants
  Natasha (D:3)
  Ijyb (D:5)
  A hound skeleton (D:4)
  Terence (D:2)
  4 adders
  A giant mite (D:5)
  10 orcs
  2 goblins
  3 hobgoblins
  11 jackals
  A quokka (D:7)
  A bat (D:4)
  A giant cockroach (D:3)
  A giant newt (D:2)
  A goblin skeleton (D:5)
  7 kobolds
  3 rats
69 creatures vanquished.

Notes
Turn   | Place    | Note
--------------------------------------------------------------
     0 | D:1      | boski, the Troll Monk, began the quest for the Orb.
     0 | D:1      | Reached XP level 1. HP: 22/22 MP: 1/1
    74 | D:2      | Reached XP level 2. HP: 18/29 MP: 1/1
   172 | D:2      | Noticed Terence
   182 | D:2      | Killed Terence
   182 | D:2      | Reached skill level 5 in Unarmed Combat
   185 | D:2      | Reached XP level 3. HP: 32/36 MP: 2/2
   256 | D:3      | Noticed Natasha
   262 | D:3      | Killed Natasha
   298 | D:4      | Reached XP level 4. HP: 40/44 MP: 2/2
   322 | D:4      | Noticed a sky beast
   342 | D:4      | Reached skill level 6 in Unarmed Combat
   356 | D:4      | Killed a sky beast
   356 | D:4      | Reached XP level 5. HP: 25/50 MP: 2/2
   556 | D:4      | Noticed a scorpion
   565 | D:4      | Killed a scorpion
   565 | D:4      | Reached skill level 7 in Unarmed Combat
   587 | D:5      | Entered Level 5 of the Dungeon
   633 | D:5      | Reached XP level 6. HP: 56/59 MP: 3/3
   652 | D:5      | Noticed Ijyb
   668 | D:5      | Killed Ijyb
   688 | D:5      | Noticed an ogre
   699 | D:5      | Killed an ogre
   770 | D:5      | Reached skill level 8 in Unarmed Combat
   796 | D:5      | Reached XP level 7. HP: 22/66 MP: 3/3
   799 | D:5      | HP: 3/66 [orc/mace (6)]
  1036 | D:6      | Reached skill level 9 in Unarmed Combat
  1146 | D:6      | Noticed uri's ghost (experienced MiFi)
  1158 | D:6      | Killed uri's ghost
  1158 | D:6      | Reached skill level 10 in Unarmed Combat
  1158 | D:6      | Reached XP level 8. HP: 17/74 MP: 3/3
  1357 | D:6      | Found a glowing golden altar of the Shining One.
  1587 | D:7      | Reached skill level 11 in Unarmed Combat
  1618 | D:7      | HP: 1/74 [adder (3)]
  1619 | D:7      | Succumbed to a killer bee's poison

Action                   |  1- 3 |  4- 6 |  7- 9 || total
-------------------------+-------+-------+-------++-------
Melee: Unarmed           |    41 |    92 |    99 ||   232
  Use: Potion            |       |     1 |     1 ||     2
 Stab: Sleeping          |       |     1 |       ||     1
  Eat: Chunk             |       |     1 |     4 ||     5
       Meat ration       |       |     1 |       ||     1
